 Seeded DCSS version 0.29.1-1-gd02db6906a (webtiles) character file.

Game seed: 10389257799748471964 (custom seed)

162 hikkokomori the Gusty (level 5, -8/28 HPs)
             Began as a Tengu Air Elementalist on Oct 14, 2022.
             Mangled by a kobold brigand
             ... wielding a +0 dagger
              (9 damage)
             ... in a sewer.
             The game lasted 00:08:54 (3208 turns).

hikkokomori the Gusty (Tengu Air Elementalist)      Turns: 3208, Time: 00:08:54

Health: -8/28      AC:  2    Str:  8    XL:     5   Next: 43%
Magic:  3/9        EV: 14    Int: 17    God:
Gold:   85         SH:  0    Dex: 15    Spells: 7/8 levels left

rFire   + . .      SeeInvis .   c - staff of air
rCold   + . .      Faith    .   (no shield)
rNeg    . . .      Spirit   .   a - +0 robe
rPois   +          Reflect  .   (helmet restricted)
rElec   +          Harm     .   (no cloak)
rCorr   +          Rampage  .   (no gloves)
Will    .....                   (boots unavailable)
Stlth   ++........              (no amulet)
HPRegen 0.09/turn               (no ring)
MPRegen 0.11/turn               (no ring)

@: resistant, flying quickly and evasively, quick
A: beak, talons 3, nimble flight
a: no special abilities


You were in a sewer.
You visited 1 branch of the dungeon, and saw 3 of its levels.
You also visited: Sewer.

You collected 85 gold pieces.

Inventory:

Hand Weapons
 i - a +0 dagger
 m - a +0 short sword
Armour
 a - a +0 robe (worn)
Magical Staves
 c - a staff of air (weapon)
 k - a staff of cold
Jewellery
 f - a ring of resist corrosion
Scrolls
 g - a scroll of amnesia
 h - a scroll of butterflies
 j - 2 scrolls of enchant armour
 o - a scroll of summoning {unknown}
Potions
 b - a potion of magic
 e - a potion of attraction {unknown}
 l - a potion of haste


   Skills:
 + Level 2.3 Staves
 - Level 2.1 Dodging
 - Level 2.0 Stealth
 - Level 2.0 Spellcasting
 + Level 4.3 Conjurations
 + Level 5.7 Air Magic


You had 7 spell levels left.
You knew the following spells:

 Your Spells              Type           Power      Damage    Failure   Level
a - Shock                 Conj/Air       100%       1d9       2%          1

Your spell library contained the following spells:

 Spells                   Type           Power      Damage    Failure   Level
 Static Discharge         Conj/Air       28%        3-7/arc   3%          2
 Swiftness                Air            32%        N/A       5%          3
 Airstrike                Air            16%        2d(3-19)  19%         4


Dungeon Overview and Level Annotations

Branches:
Dungeon (3/15)              Sewer (1/1)

Altars:
Yredelemnul


Innate Abilities, Weirdness & Mutations

You have a beak for a mouth.
You have claws for feet.
Your magical nature lets you fly swiftly and evasively.


Message History

The poisoned dart hits you!
The kobold brigand throws a poisoned dart.
The poisoned dart closely misses you.
The kobold brigand throws a poisoned dart.
The poisoned dart closely misses you.
You see here a rat corpse.
You aren't carrying any items that you can evoke.
Unknown command.
Casting: Shock (safe; 2% risk of failure)
Confirm with . or Enter, or press ? or * to list all spells.
Aiming: Shock (safe; 2% risk of failure)
Press: ? - help, Shift-Dir - straight line, f - kobold brigand
Aim: a kobold brigand, wielding a +0 dagger and quivering poisoned darts (moderately wounded, 67% to hit)
You feel a surge of power!
The zap hits the kobold brigand.
The kobold brigand is heavily wounded.
Unknown command.
Casting: Shock (safe; 2% risk of failure)
Confirm with . or Enter, or press ? or * to list all spells.
Aiming: Shock (safe; 2% risk of failure)
Press: ? - help, Shift-Dir - straight line, f/p - kobold brigand
Aim: a kobold brigand, wielding a +0 dagger and quivering poisoned darts (heavily wounded, 67% to hit)
You feel a surge of power!
The zap misses the kobold brigand.
Unknown command.
Casting: Shock (safe; 2% risk of failure)
Confirm with . or Enter, or press ? or * to list all spells.
Aiming: Shock (safe; 2% risk of failure)
Press: ? - help, Shift-Dir - straight line, p - kobold brigand You feel a surge of power!
The zap hits the kobold brigand.
The kobold brigand is severely wounded.
The kobold brigand hits you with a +0 dagger.
* * * LOW HITPOINT WARNING * * *
Unknown command.
Casting: Shock (safe; 2% risk of failure)
Confirm with . or Enter, or press ? or * to list all spells.
Aiming: Shock (safe; 2% risk of failure)
Press: ? - help, Shift-Dir - straight line You feel a surge of power!
The zap hits the kobold brigand.
The kobold brigand is almost dead.
The kobold brigand hits you with a +0 dagger!
You die...

#...~≈≈≈≈≈≈
##...~≈≈≈≈≈≈
#.K..~~≈≈≈≈≈
#....~~≈≈≈≈≈
##...~~≈≈≈≈≈
#...~≈≈≈≈≈≈
##...~≈≈≈≈≈≈
##K...~≈~≈≈≈≈
#@....~~~≈≈≈~
#.†....~~≈≈≈~
#..††..~≈≈≈≈~
##.....~~~≈~~
#.....~~~≈~~
##.....~~~~~
####.....~~≈~~
#∩###.....~~~~
#.###.....~~≈~


You could see a kobold brigand.

Vanquished Creatures
  6 adders
  4 river rats (Sewer)
  A worm (D:2)
  A dart slug (D:2)
  An orc (D:3)
  2 endoplasms
  4 giant cockroaches
  5 goblins
  7 hobgoblins
  2 quokkas
  4 ball pythons
  7 bats
  2 frilled lizards (D:1)
  10 kobolds
  17 rats
73 creatures vanquished.

Notes
Turn   | Place    | Note
-------+----------+-------------------------------------------
     0 | D:1      | hikkokomori the Tengu Air Elementalist began the quest for
                  | the Orb.
     0 | D:1      | Reached XP level 1. HP: 10/10 MP: 4/4
   329 | D:1      | Reached XP level 2. HP: 8/15 MP: 0/6
  1090 | D:1      | Identified a scroll of acquirement
  1090 | D:1      | Acquired a staff of air
  1117 | D:2      | Reached XP level 3. HP: 12/19 MP: 2/7
  1537 | D:2      | Found a faded altar of an unknown god.
  1588 | D:2      | Reached skill level 5 in Air Magic
  1738 | D:2      | Reached skill level 1 in Staves
  1911 | D:2      | Found a basalt altar of Yredelemnul.
  2115 | D:2      | Reached XP level 4. HP: 22/24 MP: 8/8
  2636 | D:3      | Found a glowing drain.
  2699 | Sewer    | Entered a sewer
  2865 | Sewer    | Gained mutation: Your magical nature lets you fly swiftly
                  | and evasively. [Tengu growth]
  2865 | Sewer    | Reached XP level 5. HP: 28/28 MP: 3/9
  3058 | Sewer    | Noticed a kobold brigand
  3186 | Sewer    | Noticed a kobold brigand
  3207 | Sewer    | HP: 1/28 [kobold brigand/+0 dagger (2)]
  3208 | Sewer    | Mangled by a kobold brigand

Illustrated notes

Levels and vault maps discovered:
D:1:      minmay_arrival_open_corners, layout_basic, serial_glass,
          glass_columns_c, glass_columns_a, minmay_tree_intersection
D:2:      layout_loops_corners, basic_altar, ebering_ecumenical_altar_hall
D:3:      layout_basic, gup_sewer_entry_glass, minmay_misc_feat_secret_circle
Sewer:    sewer_minmay_treatment

Skill      XL: |  1  2  3  4 |
---------------+-------------+-----
Conjurations   | 2 3 4 |  4.3
Air Magic      | 5 |  5.7
Staves         | 1 2 |  2.3
Dodging        | |  2.1
Stealth        | |  2.0
Spellcasting   | |  2.0

Action                   |  1- 3 |  4- 6 || total
-------------------------+-------+-------++-------
Melee: Unarmed           |    11 |       ||    11
       Kick              |    14 |     7 ||    21
       Dagger            |     8 |       ||     8
       Staff             |    30 |    29 ||    59
       Peck              |     3 |     3 ||     6
 Cast: Shock             |    50 |    50 ||   100
  Use: Scroll            |     4 |     2 ||     6
       Potion            |       |     3 ||     3
 Stab: Sleeping          |     2 |     4 ||     6
Armor: Robe              |    10 |    10 ||    20
Dodge: Dodged            |    45 |    31 ||    76
